 Dungeon Crawl Stone Soup version 0.23.2-1-ga50397a (webtiles) character file.

Game seed: 6371511487701449125

102 night the Sneak (level 4, 0/23 HPs)
             Began as a Vine Stalker Assassin on May 10, 2019.
             Killed by divine providence
             ... invoked by an orc priest
              (12 damage)
             ... on level 3 of the Dungeon.
             The game lasted 00:03:17 (2030 turns).

night the Sneak (Vine Stalker Assassin)             Turns: 2030, Time: 00:03:18

Health: 0/23       AC:  8    Str: 14    XL:     4   Next: 77%
Magic:  0/5        EV:  9    Int: 11    God:
Gold:   44         SH:  0    Dex: 16    Spells: 3/3 levels left

rFire    . . .     SeeInvis .   a - +2 dagger
rCold    . . .     Gourm    .   (no shield)
rNeg     . . .     Faith    .   q - +0 scale mail
rPois    .         Spirit   +   (no helmet)
rElec    .         Reflect  .   d - +0 cloak
rCorr    .         Harm     .   (no gloves)
MR       .....                  u - +0 pair of boots
Stlth    ++........             (no amulet)
HPRegen  0.47/turn              j - ring of wizardry
MPRegen  0.09/turn              (no ring)

@: no status effects
A: fangs 2, regeneration 1, magic shield, antimagic bite, no potion heal 3, rot
immunity
a: no special abilities


You were on level 3 of the Dungeon.
You were hungry.

You visited 1 branch of the dungeon, and saw 3 of its levels.

You collected 44 gold pieces.

Inventory:

Hand Weapons
 a - a +2 dagger (weapon)
 b - a +0 blowgun
Missiles
 e - 8 poisoned needles
 f - 2 curare-tipped needles
 h - 111 stones (quivered)
 p - 18 bolts
 s - 12 arrows
Armour
 c - a +0 robe
 d - a +0 cloak (worn)
 q - a +0 scale mail (worn)
 u - a +0 pair of boots (worn)
Jewellery
 j - a ring of wizardry (left hand)
 v - an uncursed ring of ice
Scrolls
 i - 4 scrolls of identify {unknown}
 k - 2 scrolls of teleportation {unknown}
 m - 2 scrolls of remove curse {unknown}
 t - a scroll of amnesia {unknown}
Potions
 l - a potion of flight {unknown}
 n - a potion of mutation {unknown}
 o - 2 potions of heal wounds {unknown}
 w - a potion of lignification {unknown}
Comestibles
 g - 5 rations


   Skills:
 - Level 1.7 Fighting
 + Level 3.3 Short Blades
 - Level 1.7 Throwing
 - Level 0.7 Dodging
 + Level 6.3 Stealth


You had 3 spell levels left.
You didn't know any spells.
Your spell library was empty.

Dungeon Overview and Level Annotations

Branches:
Dungeon (3/15)

Altars:
Cheibriados
Zin


Innate Abilities, Weirdness & Mutations

You have extremely sharp teeth.
Your natural rate of healing is unusually fast.
When hurt, damage is shared between your health and your magic reserves.
Your bite disrupts and absorbs the magic of your enemies.
Potions cannot restore your health.
You are immune to rotting.


Message History

You feel a bit more experienced.
You hit the orc. You bite the orc, but do no damage.
The orc is moderately wounded.
The orc barely misses you.
You hit the orc but do no damage. You bite the orc, but do no damage.
The orc is moderately wounded.
You hit the orc. Your bite misses the orc.
The orc is almost dead.
The orc wizard hits you but does no damage.
The orc hits you but does no damage.
You hit the orc but do no damage.
The orc is almost dead.
The orc wizard hits you with a +0 dagger.
The orc hits you but does no damage.
You hit the orc but do no damage.
The orc is almost dead.
The orc priest invokes the aid of Beogh against you.
Beogh smites you!
Ouch! That really hurt!
You die...

#### #... ...
..### .o. #o####
#o#<.#.###
#@o........
....g....########
.....##### ....
... .. .


You could see an orc priest, an orc wizard, 2 orcs and a goblin.

Vanquished Creatures
  3 adders (D:2)
  3 dart slugs
  3 leopard geckos
  4 bats
  A giant cockroach (D:1)
  7 goblins
  4 hobgoblins
  2 quokkas (D:2)
  3 frilled lizards
  5 kobolds (D:1)
  5 rats
40 creatures vanquished.

Vanquished Creatures (others)
  An orc wizard (D:3)
1 creature vanquished.

Grand Total: 41 creatures vanquished

Notes
Turn   | Place    | Note
-------+----------+-------------------------------------------
     0 | D:1      | night the Vine Stalker Assassin began the quest for the
                  | Orb.
     0 | D:1      | Reached XP level 1. HP: 11/11 MP: 2/2
   237 | D:1      | Reached skill level 5 in Stealth
   400 | D:1      | Reached XP level 2. HP: 15/15 MP: 3/3
   602 | D:1      | Reached XP level 3. HP: 13/18 MP: 4/4
  1223 | D:2      | Found a glowing silver altar of Zin.
  1445 | D:2      | Found a faded altar of an unknown god.
  1589 | D:2      | Gained mutation: Your natural rate of healing is unusually
                  | fast. [Vine Stalker growth]
  1589 | D:2      | Reached XP level 4. HP: 17/23 MP: 3/5
  1609 | D:2      | Reached skill level 6 in Stealth
  1779 | D:2      | Found a snail-covered altar of Cheibriados.
  2030 | D:3      | Killed from afar by an orc priest

Skill      XL: |  1  2  3  4 |
---------------+-------------+-----
Stealth        | 5 6 |  6.3
Short Blades   | 2 3 |  3.3
Fighting       | |  1.7
Throwing       | |  1.7
Dodging        | |  0.7

Action                   |  1- 3 |  4- 6 || total
-------------------------+-------+-------++-------
Melee: Dagger            |    76 |    54 ||   130
       Bite              |    14 |    11 ||    25
 Stab: Sleeping          |    11 |       ||    11
       Distracted        |     1 |       ||     1
  Eat: Chunk             |     2 |     1 ||     3
Armor: Robe              |     5 |       ||     5
       Scale mail        |     5 |    26 ||    31
Dodge: Dodged            |    26 |    26 ||    52
